 Dungeon Crawl Stone Soup version 0.31-a0-277-g31ea1f65cc (webtiles) character file.

Game seed: 14139332125983540199

22897 LustLizard the Grappler (level 13, 0/91 HPs)
             Began as an Octopode Shapeshifter on July 15, 2023.
             Was a Believer of Uskayaw.
             Slain by a skyshark (8 damage)
             ... on level 3 of the Lair of Beasts.
             The game lasted 00:26:22 (15360 turns).

LustLizard the Grappler (Octopode Shapeshifter)    Turns: 15360, Time: 00:26:22

Health: 0/91       AC:  5    Str: 22    XL:     13   Next: 3%
Magic:  18/18      EV: 19    Int: 19    God:    Uskayaw [**....]
Gold:   823        SH:  0    Dex: 16    Spells: 6/12 levels left

rFire   . .          .
                       - Unarmed
rCold   + . .        (no shield)
rNeg    . . .        (helmet currently unavailable)
rPois   +            (no amulet)
rElec   .            k - ring of protection from cold
rCorr   .            v - +6 ring of strength
SInv    .            y - +4 ring of protection
Will    .....        E - +5 ring of evasion
Stlth   +++          I - ring "Wirop" {Fly rPois Int+6 Dex+3 Slay-2}
HPRegen 0.35/turn    p - ring of poison resistance
MPRegen 0.16/turn    (no ring)
                     (no ring)

%: no passive effects
@: beast-form, flying
A: beast (slay +5), almost no armour, amphibious, 8 rings, camouflage 1,
gelatinous body 1, (nimble swimmer 1), tentacles
a: Begin Untransformation, Renounce Religion, Stomp, Line Pass


You were on level 3 of the Lair of Beasts.
You worshipped Uskayaw.
Uskayaw was noncommittal.
You were a hulking beast.
You visited 3 branches of the dungeon, and saw 15 of its levels.

You collected 823 gold pieces.

Inventory:

Missiles
 x - 53 poisoned darts
 C - 2 curare-tipped darts
 H - a throwing net
Jewellery
 k - a ring of protection from cold (left tentacle)
 p - a ring of poison resistance (on tentacle)
 v - a +6 ring of strength (right tentacle)
 w - a ring of ice
 y - a +4 ring of protection (on tentacle)
 E - a +5 ring of evasion (on tentacle)
 I - the ring "Wirop" (on tentacle) {Fly rPois Int+6 Dex+3 Slay-2}
   (You found it on level 10 of the Dungeon)

   [ring of intelligence]

   Int:       It affects your intelligence (+6).
   Dex:       It affects your dexterity (+3).
   Slay:      It affects your accuracy & damage with ranged weapons and melee
   (-2).
   rPois:     It protects you from poison.
   Fly:       It grants you flight.
Talismans
 b - a beast talisman
Wands
 j - a wand of light (5)
 l - a wand of paralysis (21)
 s - a wand of flame (44)
 t - a wand of polymorph (16)
Scrolls
 c - a scroll of acquirement {unknown}
 d - 2 scrolls of revelation
 e - a scroll of noise {unknown}
 g - 3 scrolls of enchant armour {unknown}
 h - a scroll of fog {unknown}
 m - 2 scrolls of amnesia {unknown}
 n - 3 scrolls of silence {unknown}
 q - 3 scrolls of enchant weapon {unknown}
 r - 2 scrolls of blinking {unknown}
 B - 4 scrolls of immolation {unknown}
 D - a scroll of teleportation
 F - a scroll of brand weapon
 G - 2 scrolls of fear {unknown}
Potions
 a - a potion of lignification
 f - 4 potions of curing
 i - a potion of might
 o - a potion of enlightenment {unknown}
 u - 2 potions of cancellation
 z - a potion of invisibility {unknown}
 A - 2 potions of brilliance
 J - 2 potions of mutation


   Skills:
 + Level 9.7 Fighting
 + Level 3.0 Dodging
 + Level 3.0 Stealth
 * Level 13.3 Unarmed Combat
 - Level 9.2 Poison Magic
 + Level 7.5 Invocations
 + Level 8.4 Shapeshifting


You had 6 spell levels left.
You knew the following spells:

 Your Spells              Type           Power      Damage    Failure   Level
a - Poisonous Vapours     Pois/Air       34%        N/A       4%          2
b - Olgreb's Toxic Radia  Pois           35%        N/A       4%          4

Your spell library contained the following spells:

 Spells                   Type           Power      Damage    Failure   Level
 Sting                    Tmut/Pois      68%        1d6       3%          1
 Mephitic Cloud           Conj/Pois/Air  11%        N/A       19%         3
 Magic Dart               Conj           0%         1d3       21%         1
 Slow                     Hex            0%         N/A       21%         1
 Call Imp                 Summ           0%         N/A       30%         2
 Lesser Beckoning         Tloc           0%         N/A       30%         2
 Confusing Touch          Hex            0%         N/A       52%         3
 Gell's Gravitas          Tloc           0%         N/A       52%         3
 Teleport Other           Tloc           0%         N/A       52%         3
 Vampiric Draining        Necr           0%         2d6       52%         3
 Passage of Golubria      Tloc           0%         N/A       90%         4
 Silence                  Hex/Air        0%         N/A       99%         5
 Discord                  Hex            0%         N/A       100%        8
 Ignition                 Fire           0%         3d3       100%        8
 Lehudib's Crystal Spear  Conj/Erth      0%         10d2      100%        8


Dungeon Overview and Level Annotations

Branches:
Dungeon (11/15)            Temple (1/1) D:7            Lair (3/5) D:11
 Shoals (0/4) Lair:2          Orc (0/2) D:11
  Snake: Lair:2-3    Spider: Lair:2-3

Altars:
Ashenzari
Cheibriados
Dithmenos
Elyvilon
Fedhas
Gozag
Hepliaklqana
Kikubaaqudgha
Makhleb
Nemelex Xobeh
Okawaru
Qazlal
Ru
Sif Muna
Trog
Uskayaw
Vehumet
Wu Jian
Xom
Yredelemnul
Zin
The Shining One

Shops:
D:10 (

Annotations:
D:7 exclusion: gargoyle
D:8 2 transporters, osoart's ghost, novice SpBr
D:9 exclusion: orange crystal statue
D:11 4 runed translucent doors


Innate Abilities, Weirdness & Mutations

You are a hulking beast.
Your limbs bulge with bestial killing power. (Slay +5)
You cannot wear most types of armour.
You are amphibious.
You can wear up to eight rings at the same time.
Your skin changes colour to match your surroundings (Stealth+).
Your rubbery body absorbs attacks. (AC +1, EV +1)
((You are camouflaged when in or above water. (Stealth+)))
You have tentacles for arms and can constrict up to eight enemies at once.


Message History

Your Stealth skill increases to level 3!
No target in view!
You see here a bullfrog corpse.
There is a stone staircase leading down here.
Done exploring.
There is a staircase to the Shoals here.
There is a stone staircase leading down here.
You fly downwards.
Found a jewelled scale mail.
Found a stone staircase leading down.
There is a stone staircase leading up here.
A skyshark comes into view.
The skyshark closely misses you. The skyshark tail-slaps you. x2
You batter the skyshark!! You squeeze the skyshark.
The skyshark is moderately wounded.
The skyshark bites you!
The skyshark tastes blood and grows stronger!
The skyshark misses you. x2
You completely miss the skyshark. Your squeeze misses the skyshark.
The skyshark is moderately wounded.
You batter the skyshark!!
The skyshark is severely wounded.
The skyshark bites you!
The skyshark enters a blood-rage!
The skyshark tail-slaps you! x2
You barely miss the skyshark. You squeeze the skyshark.
The skyshark is severely wounded.
The skyshark misses you. The skyshark closely misses you.
The skyshark barely misses you.
You can now pass through a line of other dancers.
You completely miss the skyshark. You squeeze the skyshark!
The skyshark is severely wounded.
The skyshark bites you!
* * * LOW HITPOINT WARNING * * *
The skyshark completely misses you. The skyshark tail-slaps you!
* * * LOW HITPOINT WARNING * * *
Unknown command.
You closely miss the skyshark.
The skyshark is severely wounded.
The skyshark bites you but does no damage.
The skyshark tail-slaps you!
You die...

###### #...#.####
#........######
#.......#.....##
#......##......##
#.....#........#
#....#..hl.....#
#..............
#..<...........
#...............
#................
P.>#......[........
...................
.#.................
................


You could see a skyshark (berserk).

Vanquished Creatures
  2 two-headed ogres (D:11)
  Erica (D:8)
  An ugly thing (D:11)
  A cyclops (D:11)
  6 elephants (Lair:2)
  3 black mambas
  3 cane toads (Lair:1)
  2 kobold demonologists
  4 komodo dragons
  4 trolls
  2 polar bears (Lair:2)
  Grinder (D:4)
  4 blink frogs (Lair:2)
  A shadow (D:9)
  2 wyverns
  4 wraiths
  35 yaks
  A steam dragon (D:7)
  A basilisk (Lair:1)
  2 wargs (D:11)
  2 acid dragons (D:11)
  5 water moccasins
  3 orc warriors
  An ice beast (D:5)
  3 black bears
  2 sky beasts
  3 centaurs (D:10)
  7 wolves (Lair:2)
  An ogre (D:5)
  Blork the orc (D:5)
  5 kobold brigands
  A gnoll sergeant (D:8)
  4 scorpions
  7 bullfrogs
  12 wights
  10 killer bees
  2 jellies (D:7)
  5 howler monkeys
  4 hounds
  11 orc priests
  3 gnoll boudas
  2 sleepcaps
  An iguana (D:5)
  Ijyb (D:5)
  Natasha (thrice) (D:3)
  10 orc wizards
  Robin (D:2)
  21 gnolls
  3 adders
  A shadow imp (D:8)
  2 ufetubi
  A worm (D:5)
  5 dart slugs
  32 orcs
  4 bats
  7 endoplasms
  5 giant cockroaches
  15 goblins
  7 hobgoblins
  22 kobolds
  5 quokkas
  6 ball pythons
  9 frilled lizards
  4 rats
339 creatures vanquished.

Notes
Turn   | Place    | Note
-------+----------+-------------------------------------------
     0 | D:1      | LustLizard the Octopode Shapeshifter began the quest for
                  | the Orb.
     0 | D:1      | Reached XP level 1. HP: 14/14 MP: 1/1
    23 | D:1      | Noticed a swamp worm
    23 | D:1      | Noticed a swamp drake
    24 | D:1      | Noticed a polar bear
    24 | D:1      | Noticed a komodo dragon
   109 | D:1      | Reached XP level 2. HP: 18/19 MP: 2/2
   502 | D:2      | Reached XP level 3. HP: 25/25 MP: 3/3
   719 | D:2      | Reached skill level 3 in Unarmed Combat
   836 | D:2      | Noticed Robin
   847 | D:2      | Killed Robin
   848 | D:2      | Reached XP level 4. HP: 23/30 MP: 4/4
  1334 | D:3      | Noticed Natasha
  1340 | D:3      | Killed Natasha
  1698 | D:3      | Noticed Natasha
  1707 | D:3      | Killed Natasha
  1708 | D:3      | Reached XP level 5. HP: 24/36 MP: 5/5
  1810 | D:3      | Reached skill level 4 in Unarmed Combat
  1880 | D:3      | Found a sparkling altar of Nemelex Xobeh.
  1889 | D:3      | Found a stormy altar of Qazlal.
  1905 | D:3      | Noticed Natasha
  1918 | D:3      | Killed Natasha
  2089 | D:4      | Noticed Grinder
  2097 | D:4      | Killed Grinder
  2098 | D:4      | Reached skill level 5 in Unarmed Combat
  2098 | D:4      | Reached XP level 6. HP: 24/43 MP: 6/6
  2210 | D:4      | Reached XP level 7. HP: 45/47 MP: 7/7
  2696 | D:5      | Entered Level 5 of the Dungeon
  2805 | D:5      | Noticed Blork the orc
  2812 | D:5      | Killed Blork the orc
  2958 | D:5      | Reached skill level 6 in Unarmed Combat
  2986 | D:5      | Noticed a yak
  2987 | D:5      | Noticed a yak
  2988 | D:5      | Noticed a yak
  2989 | D:5      | Noticed a yak
  3148 | D:5      | Noticed Ijyb
  3157 | D:5      | Killed Ijyb
  3158 | D:5      | Reached XP level 8. HP: 46/54 MP: 8/8
  3813 | D:5      | Noticed a yak
  3894 | D:6      | Reached skill level 5 in Fighting
  3894 | D:6      | Reached skill level 7 in Unarmed Combat
  3897 | D:6      | Learned a level 2 spell: Poisonous Vapours
  3919 | D:6      | Reached skill level 5 in Shapeshifting
  4133 | D:6      | Reached skill level 1 in Poison Magic
  4388 | D:6      | Noticed a kobold demonologist
  4389 | D:6      | Noticed a kobold demonologist
  4419 | D:6      | Noticed a rust devil
  4429 | D:6      | Noticed a hellwing
  4720 | D:5      | Killed a kobold demonologist
  4721 | D:5      | Reached skill level 8 in Unarmed Combat
  4721 | D:5      | Reached XP level 9. HP: 49/62 MP: 9/9
  5163 | D:6      | Killed a kobold demonologist
  5518 | D:7      | Found a staircase to the Ecumenical Temple.
  5551 | Temple   | Entered the Ecumenical Temple
  5557 | Temple   | Became a worshipper of Uskayaw the Reveller
  5744 | D:7      | Reached * piety under Uskayaw
  5746 | D:7      | Reached ** piety under Uskayaw
  5747 | D:7      | Reached skill level 9 in Unarmed Combat
  5752 | D:7      | Reached *** piety under Uskayaw
  5754 | D:7      | Reached skill level 1 in Invocations
  5764 | D:7      | Reached **** piety under Uskayaw
  6012 | D:7      | Reached XP level 10. HP: 69/69 MP: 11/11
  6016 | D:7      | Reached skill level 5 in Poison Magic
  6105 | D:7      | Identified the +1 whip "Gydupois" {freeze, Str+2 Dex-5
                  | SInv}
  6504 | D:7      | Found a glowing silver altar of Zin.
  7601 | D:5      | Reached skill level 10 in Unarmed Combat
  7602 | D:5      | Reached ***** piety under Uskayaw
  7787 | D:7      | Found a faded altar of an unknown god.
  7787 | D:7      | Noticed a gargoyle
  7800 | D:7      | Found a hazy altar of Hepliaklqana.
  7954 | D:8      | Noticed osoart's ghost (novice SpBr)
  7954 | D:8      | Found a transporter.
  8161 | D:8      | Noticed Erica
  8325 | D:8      | Found a transporter.
  8509 | D:8      | Killed Erica
  8914 | D:9      | Learned a level 4 spell: Olgreb's Toxic Radiance
  8957 | D:9      | Reached XP level 11. HP: 76/76 MP: 14/14
  8985 | D:9      | Noticed an orange crystal statue
  9396 | D:9      | Reached skill level 11 in Unarmed Combat
 10263 | D:10     | Entered Level 10 of the Dungeon
 10265 | D:10     | Identified the ring "Wirop" {Fly rPois Int+6 Dex+3 Slay-2}
 10296 | D:10     | Found Qyhenguj's Antique Weapon Shop.
 10531 | D:10     | Found a shimmering blue altar of Sif Muna.
 10607 | D:10     | Reached skill level 5 in Invocations
 11301 | D:10     | You are sucked into a shaft and drop 1 floor!
 11309 | D:11     | Noticed a two-headed ogre
 11314 | D:11     | Found a staircase to the Lair.
 11329 | D:11     | Noticed a cyclops
 11345 | D:11     | Noticed a two-headed ogre
 11355 | D:11     | Found a large runed translucent door.
 11560 | D:11     | Killed a two-headed ogre
 11754 | D:11     | Found a large runed translucent door.
 11756 | D:11     | Found a staircase to the Orcish Mines.
 11943 | D:11     | Noticed a green ugly thing
 11973 | D:11     | Noticed a cyclops
 12043 | D:11     | Found a large runed translucent door.
 12043 | D:11     | Found a large runed translucent door.
 12105 | D:11     | Killed a two-headed ogre
 12154 | D:11     | Noticed an entropy weaver
 12228 | D:11     | Reached skill level 12 in Unarmed Combat
 12296 | D:11     | Killed a cyclops
 12376 | D:11     | Reached XP level 12. HP: 63/84 MP: 16/16
 12622 | D:11     | Noticed an alligator
 12647 | Lair:1   | Entered Level 1 of the Lair of Beasts
 12650 | Lair:1   | HP: 1/84 [yak (5)]
 14069 | Lair:2   | Identified the +3 chain mail of the Mind {rN+ Int+5}
 14125 | Lair:2   | Reached ****** piety under Uskayaw
 14129 | Lair:2   | Reached skill level 13 in Unarmed Combat
 14235 | Lair:2   | Found a staircase to the Shoals.
 14391 | Lair:2   | Reached skill level 1 in Stealth
 14777 | Lair:2   | Reached XP level 13. HP: 74/91 MP: 18/18
 15360 | Lair:3   | Slain by a skyshark

Illustrated notes

Levels and vault maps discovered:
D:1:      onia_arrival_zoo_common, layout_rooms
D:2:      layout_loops_ring, uniq_robin
D:3:      layout_rooms, mainiacjoe_overflow_swirl,
          chequers_serial_rivers_small_3, uniq_natasha
D:4:      layout_loops_ring, serial_bayou_lake_a, uniq_grinder
D:5:      layout_loops_corners, chequers_avenue, chequers_big_river, uniq_ijyb,
          uniq_blork_the_orc
D:6:      layout_basic, minmay_statues_item
D:7:      layout_layer_cave, zin_statuary, beargit_hepliaklqana_dungeon_heroes,
          minmay_temple_entry_mist, chequers_serial_rivers_room_b
D:8:      layout_rooms, gammafunk_ghost_arena, uniq_erica
D:9:      layout_layer_cave, minmay_protected_statue
D:10:     layout_cave_pools, kennysheep_little_box, serial_shops,
          nicolae_shop_crystal
D:11:     layout_rooms, erik_lair_orcish_takeover, orc_0_dummy,
          statue_in_the_mist_lemuel, minmay_hollow_rounded_squares
Temple:   sentei_temple_godly_chess
Lair:1:   layout_regular_city, lemuel_fruit_fields, lemuel_fruit_tree,
          infiniplex_staircase_pool_2, lemuel_fruit_fields
Lair:2:   layout_hall_layers, elwin_shoals_entry_rocks
Lair:3:   layout_cave_pods, minmay_snake_entry_guardpost_medium,
          infiniplex_staircase_pool

Skill      XL: |  1  2  3  4  5  6  7  8  9 10 11 12 13 |
---------------+----------------------------------------+-----
Unarmed Combat | 3 5 6 8 9 10 12 13 | 13.3
Fighting       | 3 4 5 6 7 8 9 |  9.7
Shapeshifting  | 4 5 6 7 8 |  8.4
Poison Magic   | 2 4 6 8 9 |  9.2
Invocations    | 1 4 5 7 |  7.5
Stealth        | 2 3 |  3.0
Dodging        | 3 |  3.0

Action                     |  1- 3 |  4- 6 |  7- 9 | 10-12 | 13-15 || total
---------------------------+-------+-------+-------+-------+-------++-------
  Melee: Unarmed           |    74 |    55 |   207 |   479 |    14 ||   829
         Constrict         |    17 |    13 |    47 |    74 |     2 ||   153
         Tentacles         |    15 |    11 |    51 |   123 |     5 ||   205
         Punch             |     1 |     2 |     8 |    46 |       ||    57
  Throw: Dart              |       |       |       |     8 |       ||     8
 Invoke: Stomp             |       |       |       |     4 |       ||     4
  Evoke: Wand              |       |       |       |     4 |       ||     4
    Use: Scroll            |       |     2 |     3 |     9 |       ||    14
         Potion            |       |       |       |     8 |       ||     8
   Stab: Sleeping          |     4 |     6 |     3 |     5 |       ||    18
         Paralysed         |       |       |     4 |    39 |       ||    43
         Distracted        |       |       |       |     3 |       ||     3
 Armour: Skin              |     4 |     2 |    33 |    47 |     2 ||    88
  Dodge: Dodged            |    33 |    17 |   114 |   352 |    13 ||   529

Table legend: (Time is in decaauts)
 A = Elapsed time spent in this place.
 B = Non-inter-level travel time spent in this place.
 C = Inter-level travel time spent in this place.
 D = Time resting spent in this place.
 E = Time spent auto-exploring this place.
 F = Levels seen in this place.
 G = Mean time per level.
                   A        B        C        D        E       F      G
               +--------+--------+--------+--------+--------+-----+--------+
         Total |  15234 |  14684 |    550 |   2521 |   9701 |  15 | 1015.6 |
       Dungeon |  12551 |  12070 |    481 |   2014 |   8009 |  11 | 1141.0 |
        Temple |      9 |      9 |      0 |      0 |      0 |   1 |    9.0 |
          Lair |   2673 |   2604 |     69 |    507 |   1692 |   3 |  891.0 |
               +--------+--------+--------+--------+--------+-----+--------+

Top non-repeatable levels by time:
     D:5: 1876 daAuts
     D:7: 1807 daAuts
     D:6: 1635 daAuts
     D:9: 1575 daAuts
    D:10: 1426 daAuts
  Lair:2: 1416 daAuts
  Lair:1: 1248 daAuts
     D:2: 945 daAuts
    D:11: 934 daAuts
     D:4: 737 daAuts
     D:8: 609 daAuts
     D:3: 519 daAuts
     D:1: 483 daAuts
  Temple: 9 daAuts
  Lair:3: 8 daAuts
